 Dungeon Crawl Stone Soup version 0.25-a0-280-gfa4545f (webtiles) character file.

Game seed: 5539261242044375157, levelgen mode: deterministic

214476 silenth the Black Belt (level 17, -1/178 HPs)
             Began as a Troll Fighter on Dec 10, 2019.
             Was the Champion of Jiyva.
             Hit by a silver javelin thrown by a merfolk javelineer (10 damage)
             ... on level 3 of the Shoals.
             The game lasted 01:08:21 (26881 turns).

silenth the Black Belt (Troll Fighter)             Turns: 26881, Time: 01:08:21

Health: -1/178     AC: 15    Str: 16    XL:     17   Next: 84%
Magic:  19/19      EV: 19    Int: 15    God:    Jiyva [******]
Gold:   531        SH: 26    Dex: 31    Spells: 14/18 levels left

rFire    . . .     SeeInvis .     - Unarmed
rCold    + . .     Gourm    +   K - +4 large shield
rNeg     . . .     Faith    .   S - +0 troll leather armour
rPois    .         Spirit   .   k - +1 hat "Ifoffues" {Str+4 Dex+6}
rElec    .         Reflect  .   d - +2 cloak {MR+}
rCorr    +         Harm     .   (gloves unavailable)
MR       ++...                  (boots unavailable)
Stlth    +++.......             w - amulet of regeneration
HPRegen  1.59/turn              u - +3 ring of slaying
MPRegen  0.16/turn              B - ring "Ulipp" {rC+ Str+4}

@: lethally poisoned (-1 -> -1), about to teleport
A: large, unfitting armour, claws 3, horns 2, large bone plates 1, slimy green
scales 1, clever 1, fast metabolism 3, gourmand, regeneration 1, shaggy fur 1,
tough skin 3, eyeballs 1, tendrils, jelly absorbing missiles
}: 2/15 runes: slimy, gossamer
a: Request Jelly, Slimify, Cure Bad Mutation, Renounce Religion


You were on level 3 of the Shoals.
You worshipped Jiyva.
Jiyva was exalted by your worship.
You were completely stuffed.

You visited 7 branches of the dungeon, and saw 36 of its levels.
You also visited: Bailey.

You collected 2915 gold pieces.
You spent 2384 gold pieces at shops.

Inventory:

Hand Weapons
 y - the +6 flail of Paitughy {crush, +Blink rF- MP+9 SInv}
   (You found it on level 14 of the Dungeon)

   It inflicts extra damage upon your enemies.
   It makes you vulnerable to fire.
   It affects your magic capacity (+9).
   It lets you see invisible.
   It lets you blink.
 L - the +8 demon blade "Bloodbane" {slice, *Rage +Rage Stlth-}
   (You found it on level 5 of the Pits of Slime)

   It inflicts extra damage upon your enemies.
   It lets you go berserk.
   It may make you go berserk in combat.
   It makes you less stealthy.
Missiles
 n - 20 large rocks
 q - 9 curare-tipped darts
 s - 461 arrows
 z - 7 silver boomerangs
 E - 63 boomerangs (quivered)
 F - 2 atropa-tipped darts
 I - 69 poisoned darts
 U - 4 throwing nets
Armour
 d - a +2 cloak of magic resistance (worn)
 k - the +1 hat "Ifoffues" (worn) {Str+4 Dex+6}
   (You acquired it on level 9 of the Dungeon)

   It affects your strength (+4).
   It affects your dexterity (+6).
 K - a +4 large shield (worn)
 S - a +0 troll leather armour (worn)
Jewellery
 g - an uncursed ring of ice
 m - the ring of Nouvodae {Fire Str+7 Int+3 Dex-2 Slay-5}
   (You found it on level 5 of the Pits of Slime)

   [ring of fire]

   It enhances your fire magic.
   It affects your strength (+7).
   It affects your intelligence (+3).
   It affects your dexterity (-2).
   It affects your accuracy and damage with ranged weapons and melee attacks
   (-5).
   It protects you from fire.
   It makes you vulnerable to cold.
 u - a +3 ring of slaying (left claw)
 w - an amulet of regeneration (around neck)
 B - the ring "Ulipp" (right claw) {rC+ Str+4}
   (You found it on level 7 of the Dungeon)

   [ring of protection from cold]

   It affects your strength (+4).
   It protects you from cold.
 M - an uncursed ring of positive energy
Wands
 h - a wand of paralysis (18)
 x - a wand of polymorph (20)
 C - a wand of disintegration (17)
 D - a wand of iceblast (11)
 G - a wand of flame (34)
Scrolls
 i - 7 scrolls of identify
 p - 9 scrolls of magic mapping
 r - 11 scrolls of remove curse
 J - a scroll of fog
 N - 4 scrolls of teleportation
 R - a scroll of immolation
 T - a scroll of vulnerability
 V - a scroll of silence
Potions
 a - 8 potions of ambrosia
 b - a potion of cancellation
 c - 2 potions of might
 f - 4 potions of invisibility
 j - 8 potions of heal wounds
 l - 5 potions of haste
 o - 5 potions of curing
 t - 5 potions of brilliance
 v - 5 potions of flight
 A - 2 potions of agility
 O - 3 potions of mutation
 P - a potion of berserk rage
Miscellaneous
 H - a lamp of fire
 Q - a sack of spiders
Comestibles
 e - 59 rations


   Skills:
 + Level 13.2 Fighting
 - Level 5.0 Throwing
 + Level 6.9 Armour
 + Level 10.8 Dodging
 - Level 4.0 Stealth
 + Level 10.7 Shields
 * Level 17.8 Unarmed Combat
 - Level 1.3 Spellcasting
 - Level 1.1 Hexes
 - Level 4.0 Transmutations
 + Level 5.0 Evocations


You had 14 spell levels left.
You knew the following spells:

 Your Spells              Type           Power        Failure   Level  Hunger
a - Beastly Appendage     Tmut           ##....       14%         1    ##.....
b - Confusing Touch       Hex            #.....       41%         1    ##.....
s - Sticks to Snakes      Tmut           ##......     22%         2    ###....

Your spell library contained the following spells:

 Spells                   Type           Power        Failure   Level  Hunger
 Corona                   Hex            #......      41%         1    ##.....
 Slow                     Hex            #.......     56%         2    ###....
 Animate Skeleton         Necr           N/A          58%         1    ##.....
 Foxfire                  Conj/Fire      #...         58%         1    ##.....
 Infusion                 Chrm           #...         58%         1    ##.....
 Pain                     Necr           #...         58%         1    ##.....
 Summon Small Mammal      Summ           #...         58%         1    ##.....
 Spider Form              Tmut/Pois      #.........   67%         3    ####...
 Call Imp                 Summ           #.......     73%         2    ###....
 Shroud of Golubria       Chrm/Tloc      #.....       73%         2    ###....
 Song of Slaying          Chrm           #.......     73%         2    ###....
 Confuse                  Hex            #.......     80%         3    ####...
 Inner Flame              Hex/Fire       #.......     86%         3    ####...
 Portal Projectile        Hex/Tloc       #.....       86%         3    ####...
 Spectral Weapon          Hex/Chrm       #.......     86%         3    ####...
 Summon Guardian Golem    Hex/Summ       #.......     86%         3    ####...
 Call Canine Familiar     Summ           #.......     91%         3    ####...
 Conjure Flame            Conj/Fire      #.......     91%         3    ####...
 Gell's Gravitas          Tloc           #.........   91%         3    ####...
 Regeneration             Chrm/Necr      #.........   91%         3    ####...
 Vampiric Draining        Necr           #.........   91%         3    ####...
 Ice Form                 Ice/Tmut       #.......     97%         4    #####..
 Petrify                  Tmut/Erth      #.......     97%         4    #####..
 Blade Hands              Tmut           ##........   98%         5    ######.
 Cause Fear               Hex            #.........   99%         4    #####..
 Leda's Liquefaction      Hex/Erth       #.........   99%         4    #####..
 Animate Dead             Necr           N/A          100%        4    #####..
 Hailstorm                Conj/Ice       #.......     100%        4    #####..
 Sticky Flame             Conj/Fire      #.......     100%        4    #####..
 Summon Ice Beast         Ice/Summ       #.......     100%        4    #####..
 Summon Lightning Spire   Summ/Air       #.......     100%        4    #####..
 Fireball                 Conj/Fire      #.........   100%        5    ######.
 Metabolic Englaciation   Hex/Ice        #.........   100%        5    ######.
 Silence                  Hex/Air        #.........   100%        5    ######.
 Summon Forest            Summ/Tloc      #.........   100%        5    ######.
 Yara's Violent Unravell  Hex/Tmut       #.........   100%        5    ######.
 Deflect Missiles         Chrm/Air       #.........   100%        6    #######
 Discord                  Hex            #.........   100%        8    #######


Dungeon Overview and Level Annotations

Branches:
Dungeon (15/15)            Temple (1/1) D:7            Lair (6/6) D:9
 Shoals (3/4) Lair:3       Spider (4/4) Lair:4        Slime (5/5) Lair:6
    Orc (2/2) D:11            Elf (0/3) Orc:2        Vaults (0/5) D:14
 Depths (0/5) D:15         Bailey (visited)

Altars:
Ashenzari
Cheibriados
Dithmenos
Elyvilon
Fedhas
Gozag
Hepliaklqana
Kikubaaqudgha
Makhleb
Nemelex Xobeh
Okawaru
Qazlal
Ru
Sif Muna
Trog
Uskayaw
Vehumet
Wu Jian
Xom
Yredelemnul
Zin
The Shining One
Beogh
Jiyva

Shops:
D:7 [   D:10 }   D:13 !   D:14 *   Orc:1 [}}?*   Orc:2 (!(}   Shoals:2 (
Shoals:3 [

Annotations:
D:8 3 runed translucent doors, CanOfBees's ghost, novice TeSu; Dittersdorf's ghost, novice MfFi; Rydian's ghost, novice DsAK; fabulooouuss's ghost, novice FoSk
Shoals:3 Ilsuiw
Slime:5 Royal Jelly


Innate Abilities, Weirdness & Mutations

You are too large for most types of armour.
You have claws for hands.
Your metabolism is lightning-fast.
You like to eat raw meat.
Your natural rate of healing is unusually fast.
You are covered in fur. (AC +1)
You have extremely tough skin. (AC +3)
You have a pair of horns on your head.
You are partially covered in large bone plates. (SH +4)
You are partially covered in slimy green scales. (AC +2)
Your mind is acute. (Int +2)
Your body has grown golden eyes which may confuse attackers. (Acc +3)
You are covered in slimy tendrils that may disarm your opponents.
You have a small jelly attached to you that may absorb incoming projectiles.


Message History

You kill the merfolk!
Your Evocations skill increases to level 5!
You feel sick. You block the water elemental's attack.
The merfolk javelineer throws a silver javelin.
The silver javelin pierces through you!
* * * LOW HITPOINT WARNING * * *
The silver sears you!
* * * LOW HITPOINT WARNING * * *
You block the water elemental's attack.
Ilsuiw casts a spell.
Ilsuiw flickers and vanishes!
Deactivating autopickup; reactivate with Ctrl-A.
You feel sick.
As you read the scroll of teleportation, it crumbles to dust.
You feel strangely unstable. You block the water elemental's attack.
The merfolk javelineer throws a silver javelin.
The silver javelin pierces through you!!
* * * LOW HITPOINT WARNING * * *
The silver sears you!
You die...

≈≈≈≈≈▒≈≈≈≈≈....≈≈)≈▒≈≈≈≈
≈≈≈≈≈≈≈≈≈≈≈.......≈≈≈≈≈≈≈≈
≈≈≈≈≈≈≈▒≈≈≈........≈≈▒≈≈≈≈≈
..≈≈≈≈≈≈≈▒≈≈≈........≈≈▒≈≈≈≈≈
..≈≈≈≈≈≈≈(▒..(......≈≈▒≈≈≈≈≈≈
..≈≈≈≈≈≈≈≈▒.........≈≈▒≈≈≈≈≈≈
..≈≈≈≈≈≈≈≈≈....E..(..≈≈≈≈≈≈≈≈
#...........▒▒.E...▒▒.≈≈≈≈≈≈
#............†▒▒@▒▒..≈≈≈≈≈≈≈
........)....m.......≈≈≈≈≈≈
..(≈≈...)............≈≈≈≈≈≈
..≈(.................≈≈≈≈≈≈
≈≈≈≈.................≈≈≈≈≈≈
≈≈≈≈.................≈≈≈≈≈≈
..(.(................≈≈≈≈≈≈
.....................≈≈≈≈≈≈
...▒▒▒##▒▒#.......≈....≈≈≈≈


You could see a merfolk javelineer and 2 water elementals.

Vanquished Creatures
  Mara (Spider:3)
  Arachne (Spider:3)
  Jorgrun (Spider:2)
  Polyphemus (Shoals:3)
  Frances (Shoals:1)
  Kirke (D:14)
  Donald (Spider:3)
  5 ghost moths
  A frost giant (D:13)
  6 emperor scorpions
  Louise (Shoals:1)
  5 entropy weavers
  3 spark wasps
  3 ettins
  Snorg (Lair:3)
  3 merfolk impalers
  Josephine (D:10)
  A fire dragon (Lair:6)
  Harold (D:9)
  4 ogre magi
  An ice dragon (Lair:6)
  8 hydras
  A catoblepas (Shoals:3)
  2 centaur warriors
  2 merfolk avatars
  A satyr (Shoals:2)
  7 two-headed ogres
  A queen ant (Lair:4)
  5 death yaks
  A tengu warrior (D:15)
  A deep elf knight (D:15)
  Sonja (Lair:3)
  A deep troll (D:15)
  An unseen horror (D:9)
  A swamp dragon (Lair:6)
  4 sea snakes
  A lindwurm (Lair:6)
  3 harpies (Shoals:2)
  13 orb spiders
  2 orc knights
  Pikel (D:7)
  6 ugly things (D:15)
  10 fauns (Shoals:2)
  28 wolf spiders
  10 orc sorcerers
  9 elephants
  4 moths of wrath
  A cyclops (D:9)
  7 merfolk sirens
  7 manticores
  5 black mambas
  3 water nymphs
  16 spiny frogs
  2 gargoyles
  A rime drake (shapeshifter) (D:9)
  A rime drake (Lair:1)
  A freezing wraith (D:14)
  8 torpor snails
  2 kobold demonologists (Bailey)
  9 komodo dragons
  2 yaktaurs
  10 trolls
  10 demonic crawlers
  22 jumping spiders
  A wolf spider simulacrum (D:15)
  14 hornets
  2 meliai (D:15)
  A tengu conjurer (D:15)
  A jumping spider (shapeshifter) (D:15)
  17 merfolk
  4 wind drakes
  4 tyrant leeches (Lair:6)
  28 blink frogs
  5 hippogriffs
  A slime creature (D:9)
  A hippogriff (shapeshifter) (D:9)
  5 snapping turtles
  A vampire (D:15)
  54 redbacks
  A spriggan (D:7)
  27 tarantellas
  6 wraiths
  3 wyverns
  2 hogs (D:14)
  2 humans (D:12)
  11 basilisks
  A hungry ghost (D:13)
  A water elemental (Shoals:2)
  31 yaks
  Menkaure (D:6)
  3 steam dragons (Lair:6)
  5 vampire mosquitoes
  6 wargs
  An acid dragon (D:9)
  20 soldier ants
  16 water moccasins
  5 porcupines
  Duvessa (D:5)
  3 sky beasts
  3 slaves (D:7)
  3 ice beasts
  3 black bears
  A hornet zombie (D:9)
  3 swamp drakes (Lair:6)
  29 orc warriors
  44 wolves
  15 ogres
  2 phantoms
  3 boggarts (D:15)
  8 centaurs
  14 crocodiles
  7 big kobolds
  17 bullfrogs
  A wyvern skeleton (D:9)
  2 scorpions
  Dowan (D:5)
  9 killer bees
  5 wights (D:11)
  10 electric eels
  2 howler monkeys
  4 centaur zombies
  4 crimson imps
  A quasit (D:10)
  2 bullfrog zombies
  18 orc priests
  7 hounds
  2 jellies
  37 orc wizards
  A bullfrog skeleton (D:10)
  A centaur skeleton (D:5)
  6 iguanas
  25 worker ants
  Ijyb (D:5)
  Terence (D:2)
  A hound skeleton (D:11)
  3 worker ant zombies
  8 gnolls
  9 adders
  A shadow imp (D:15)
  2 oozes (D:4)
  3 worms
  3 dart slugs
  5 leopard geckos
  65 orcs
  6 bats
  6 giant cockroaches
  15 goblins
  19 hobgoblins
  10 jackals
  A ball python (D:1)
  3 frilled lizards (D:2)
  31 kobolds
  A leopard gecko skeleton (D:4)
  9 rats
  3 plants
1055 creatures vanquished.

Vanquished Creatures (collateral kills)
  Nikola (Spider:3)
  A wolf spider (Spider:2)
  A jumping spider (Spider:4)
3 creatures vanquished.

Vanquished Creatures (others)
  A wizard (D:10)
  A necromancer (D:14)
  An oklob plant (D:14)
  A cyclops (D:13)
  2 jumping spiders (Spider:4)
  3 redbacks (Spider:4)
  A basilisk (Lair:6)
  A black bear (D:12)
  An ogre (Orc:2)
  A bullfrog (D:13)
  A scorpion (D:12)
  58 jellies
  A bullfrog zombie (D:13)
  An orc priest (Orc:2)
  7 orc wizards (Orc:2)
  9 oozes (D:14)
  11 orcs
  7 kobolds (D:12)
  A bush (Shoals:2)
  17 fungi
  8 plants
134 creatures vanquished.

Grand Total: 1192 creatures vanquished

Notes
Turn   | Place    | Note
-------+----------+-------------------------------------------
     0 | D:1      | silenth the Troll Fighter began the quest for the Orb.
     0 | D:1      | Reached XP level 1. HP: 22/22 MP: 0/0
   187 | D:1      | Reached XP level 2. HP: 26/29 MP: 1/1
  1003 | D:1      | Reached skill level 3 in Unarmed Combat
  1111 | D:2      | Reached XP level 3. HP: 20/36 MP: 2/2
  1378 | D:2      | Noticed Terence
  1388 | D:2      | Killed Terence
  1388 | D:2      | Reached skill level 3 in Fighting
  1388 | D:2      | Reached XP level 4. HP: 40/45 MP: 3/3
  1556 | D:2      | Found a shimmering blue altar of Sif Muna.
  1639 | D:3      | Found a roughly hewn altar of Beogh.
  1642 | D:3      | Reached skill level 4 in Unarmed Combat
  1659 | D:3      | Reached XP level 5. HP: 10/53 MP: 4/4
  1886 | D:3      | Learned a level 1 spell: Beastly Appendage
  1889 | D:3      | Learned a level 2 spell: Sticks to Snakes
  2165 | D:3      | Found a basalt altar of Yredelemnul.
  2165 | D:3      | Found a sparkling altar of Nemelex Xobeh.
  2361 | D:3      | Found an opulent altar of Gozag.
  2436 | D:4      | Noticed an ogre
  2445 | D:4      | Killed an ogre
  2445 | D:4      | Reached skill level 5 in Unarmed Combat
  2586 | D:4      | Reached XP level 6. HP: 60/62 MP: 5/5
  2667 | D:4      | Reached skill level 4 in Fighting
  2981 | D:5      | Entered Level 5 of the Dungeon
  2983 | D:5      | Noticed Ijyb
  3026 | D:5      | Killed Ijyb
  3026 | D:5      | Reached skill level 6 in Unarmed Combat
  3062 | D:5      | Found a stormy altar of Qazlal.
  3063 | D:5      | Found an ancient bone altar of Kikubaaqudgha.
  3063 | D:5      | Found an iron altar of Okawaru.
  3063 | D:5      | Found a hazy altar of Hepliaklqana.
  3087 | D:5      | Found a radiant altar of Vehumet.
  3092 | D:5      | Found a hide-covered altar of Uskayaw.
  3165 | D:5      | Reached XP level 7. HP: 64/70 MP: 6/6
  3276 | D:5      | Noticed Dowan
  3277 | D:5      | Noticed Duvessa
  3284 | D:5      | Killed Dowan
  3290 | D:5      | Killed Duvessa
  3370 | D:5      | Reached skill level 7 in Unarmed Combat
  3613 | D:6      | Noticed Menkaure
  3620 | D:6      | Killed Menkaure
  3620 | D:6      | Reached skill level 5 in Fighting
  3620 | D:6      | Reached skill level 8 in Unarmed Combat
  3620 | D:6      | Reached XP level 8. HP: 80/80 MP: 7/7
  4041 | D:7      | Found Wusmeps's Antique Armour Boutique.
  4049 | D:7      | Bought a large shield for 94 gold pieces
  4049 | D:7      | Bought a glowing robe for 77 gold pieces
  4049 | D:7      | Bought an embroidered robe for 77 gold pieces
  4228 | D:7      | Reached skill level 1 in Transmutations
  4255 | D:7      | Learned a level 1 spell: Confusing Touch
  4290 | D:7      | Found a staircase to the Ecumenical Temple.
  4387 | D:7      | Reached skill level 3 in Dodging
  4456 | Temple   | Entered the Ecumenical Temple
  4634 | Temple   | Became a worshipper of Elyvilon the Healer
  4690 | D:7      | Reached skill level 3 in Shields
  4728 | D:7      | Noticed Pikel
  4747 | D:7      | Killed Pikel
  4747 | D:7      | Reached skill level 9 in Unarmed Combat
  4747 | D:7      | Reached skill level 1 in Spellcasting
  4747 | D:7      | Reached XP level 9. HP: 83/89 MP: 9/9
  4815 | D:7      | Got a flickering gossamer ring
  5258 | D:8      | Reached skill level 6 in Fighting
  5324 | D:8      | Reached skill level 4 in Dodging
  5324 | D:8      | Reached skill level 4 in Shields
  5545 | D:8      | Found a runed translucent gate.
  5548 | D:8      | Noticed CanOfBees's ghost (novice TeSu)
  5548 | D:8      | Noticed Dittersdorf's ghost (novice MfFi)
  5548 | D:8      | Noticed fabulooouuss's ghost (novice FoSk)
  5550 | D:8      | Found a runed translucent gate.
  5550 | D:8      | Found a runed translucent gate.
  5550 | D:8      | Noticed Rydian's ghost (novice DsAK)
  5562 | D:8      | Reached skill level 10 in Unarmed Combat
  5798 | D:9      | Reached * piety under Elyvilon
  5819 | D:9      | Reached XP level 10. HP: 47/100 MP: 10/10
  5929 | D:9      | Reached skill level 5 in Dodging
  5934 | D:9      | Found a flagged portal.
  5954 | D:9      | Identified the ring "Ulipp" {rC+ Str+4} (You found it on
                  | level 7 of the Dungeon)
  5965 | Bailey   | Entered a bailey
  5998 | Bailey   | Reached skill level 5 in Shields
  6119 | Bailey   | Found an iron altar of Okawaru.
  6120 | Bailey   | Noticed a smoke demon
  6132 | Bailey   | Reached skill level 11 in Unarmed Combat
  6198 | Bailey   | Reached skill level 7 in Fighting
  6615 | D:9      | Got a pitted hat
  6617 | D:9      | Got a fine cloak
  6623 | D:9      | Identified the +1 hat "Ifoffues" {Str+4 Dex+6} (You
                  | acquired it on level 9 of the Dungeon)
  6633 | D:9      | Identified the -5 cloak of Inaction {rC+ Dex+4} (You
                  | acquired it on level 9 of the Dungeon)
  6696 | D:9      | Noticed a cyclops
  6698 | D:9      | Noticed a manticore
  6698 | D:9      | Noticed a four-headed hydra
  6700 | D:9      | Noticed Harold
  6702 | D:9      | Noticed a five-headed hydra
  6729 | D:9      | Killed a five-headed hydra
  6729 | D:9      | Reached skill level 1 in Evocations
  6730 | D:9      | Reached XP level 11. HP: 79/109 MP: 11/11
  6760 | D:9      | Killed Harold
  6760 | D:9      | Reached skill level 1 in Armour
  6760 | D:9      | Reached skill level 1 in Hexes
  6776 | D:9      | Killed a four-headed hydra
  6784 | D:9      | Reached skill level 6 in Dodging
  6784 | D:9      | Reached skill level 2 in Evocations
  6789 | D:9      | Reached skill level 2 in Armour
  6975 | D:9      | Killed an unseen horror
  6975 | D:9      | Reached skill level 12 in Unarmed Combat
  6991 | D:9      | Reached skill level 6 in Shields
  7117 | D:9      | Noticed a two-headed ogre
  7124 | D:9      | Killed a two-headed ogre
  7193 | D:9      | Found a staircase to the Lair.
  7377 | D:10     | Entered Level 10 of the Dungeon
  7377 | D:10     | Noticed Josephine
  7378 | D:10     | Reached ** piety under Elyvilon
  7386 | D:10     | Killed Josephine
  7485 | D:10     | Reached skill level 3 in Armour
  7584 | D:10     | Found Leut's Gadget Shoppe.
  7804 | D:10     | Reached skill level 3 in Evocations
  7813 | D:10     | Found a bloodstained altar of Trog.
  7814 | D:10     | Noticed a wizard
  7820 | D:10     | Killed a wizard
  7920 | D:11     | Reached XP level 12. HP: 68/119 MP: 13/13
  7985 | D:11     | Reached skill level 8 in Fighting
  8026 | D:11     | Found a staircase to the Orcish Mines.
  8323 | D:11     | Got a crystal mace
  8324 | D:11     | Identified the +4 mace of War {holy, rPois Int+2 Dex+5}
                  | (You found it on level 11 of the Dungeon)
  8712 | Lair:1   | Entered Level 1 of the Lair of Beasts
  8790 | Lair:1   | Reached *** piety under Elyvilon
  9506 | Lair:1   | Reached skill level 13 in Unarmed Combat
  9548 | Lair:1   | Reached skill level 4 in Armour
  9548 | Lair:1   | Reached skill level 7 in Dodging
  9582 | Lair:2   | Reached skill level 7 in Shields
  9854 | Lair:2   | Reached **** piety under Elyvilon
  9950 | Lair:2   | Noticed a six-headed hydra
  9950 | Lair:2   | Noticed an eight-headed hydra
  9981 | Lair:2   | Killed a nine-headed hydra
  9982 | Lair:2   | Killed a nine-headed hydra
 10137 | Lair:2   | Reached XP level 13. HP: 118/130 MP: 14/14
 10265 | Lair:2   | Reached skill level 9 in Fighting
 10627 | Lair:3   | Reached skill level 14 in Unarmed Combat
 10890 | Lair:3   | Noticed Snorg
 10898 | Lair:3   | Killed Snorg
 10900 | Lair:3   | Reached ***** piety under Elyvilon
 10911 | Lair:3   | Found a staircase to the Shoals.
 11052 | Lair:3   | Reached skill level 8 in Dodging
 11125 | Lair:3   | Reached skill level 1 in Stealth
 11376 | Lair:3   | Reached skill level 8 in Shields
 11427 | Lair:3   | Noticed Sonja
 11435 | Lair:3   | Killed Sonja
 11435 | Lair:3   | Reached skill level 2 in Transmutations
 11900 | Lair:4   | You fall into a shaft and drop 1 floor!
 12187 | Lair:4   | Found a hole to the Spider Nest.
 12316 | Lair:4   | Noticed an entropy weaver
 12326 | Lair:4   | Killed an entropy weaver
 12326 | Lair:4   | Reached skill level 2 in Stealth
 12332 | Lair:4   | Reached skill level 3 in Transmutations
 12335 | Lair:4   | Noticed an entropy weaver
 12395 | Lair:4   | Killed an entropy weaver
 13160 | Lair:5   | Reached XP level 14. HP: 102/141 MP: 15/15
 13845 | Lair:6   | Entered Level 6 of the Lair of Beasts
 14206 | Lair:6   | Reached skill level 10 in Fighting
 14217 | Lair:6   | Reached skill level 3 in Stealth
 14338 | Lair:6   | Reached skill level 4 in Transmutations
 14339 | Lair:6   | Reached skill level 9 in Dodging
 14394 | Lair:6   | Reached skill level 9 in Shields
 14488 | Lair:6   | Paralysed by a hornet for 3 turns
 14630 | Lair:6   | Found a runed translucent door.
 14730 | Lair:6   | Reached skill level 5 in Armour
 14745 | Lair:6   | Reached ****** piety under Elyvilon
 15204 | Lair:6   | Found a viscous altar of Jiyva.
 15205 | Lair:6   | Found a staircase to the Slime Pits.
 15208 | Lair:6   | Fell from the grace of Elyvilon
 15208 | Lair:6   | Became a worshipper of Jiyva Jogarghu the Shapeless
 15450 | D:12     | Reached * piety under Jiyva
 15468 | D:12     | Found an iron altar of Okawaru.
 15508 | D:12     | Reached ** piety under Jiyva
 15553 | Lair:4   | Reached *** piety under Jiyva
 15608 | D:12     | Gained mutation: You can translocate small distances at
                  | will. [Jiyva's grace]
 15992 | Orc:1    | Entered Level 1 of the Orcish Mines
 16103 | Orc:1    | Found Qusi's Antique Armour Boutique.
 16201 | Orc:2    | Entered Level 2 of the Orcish Mines
 16201 | Orc:2    | Found a staircase to the Elven Halls.
 16324 | Orc:1    | Found Waizxouc's Magic Scroll Shop.
 16324 | Orc:1    | Found Julux's Gadget Shop.
 16360 | Orc:1    | Found Fonac's Gadget Shoppe.
 16366 | Orc:1    | You fall into a shaft and drop 1 floor!
 16374 | Orc:2    | Paralysed by an orc sorcerer for 6 turns
 16476 | Orc:1    | Bought a scroll of teleportation for 48 gold pieces
 16476 | Orc:1    | Bought a scroll of blinking for 120 gold pieces
 16588 | Orc:1    | Gained mutation: You have acidic saliva. [Jiyva's grace]
 16590 | Orc:1    | Found Runamite's Assorted Antiques.
 16591 | Orc:1    | Reached **** piety under Jiyva
 16625 | Orc:1    | Gained mutation: You are covered in slimy tendrils that may
                  | disarm your opponents. [Jiyva's grace]
 16659 | Orc:2    | Reached ***** piety under Jiyva
 16699 | Orc:2    | Lost mutation: You can translocate small distances at will.
                  | [Jiyva's grace]
 16801 | Orc:2    | Reached skill level 6 in Armour
 16801 | Orc:2    | Reached XP level 15. HP: 102/152 MP: 16/16
 16866 | Orc:2    | Reached ****** piety under Jiyva
 16872 | Orc:2    | Gained mutation: You are robust. (+10% HP) [Jiyva's grace]
 16886 | Orc:2    | Reached skill level 10 in Dodging
 16926 | Orc:2    | Found an ancient bone altar of Kikubaaqudgha.
 16950 | Orc:2    | Gained mutation: Your flesh is cold resistant. (rC+)
                  | [Jiyva's grace]
 16951 | Orc:2    | Reached skill level 10 in Shields
 16960 | Orc:2    | Found Ejontogo's Gadget Emporium.
 16965 | Orc:2    | Paralysed by an orc sorcerer for 5 turns
 16979 | Orc:2    | Found a radiant altar of Vehumet.
 16983 | Orc:2    | Reached skill level 11 in Fighting
 17017 | Orc:2    | Found Comp's Distillery.
 17043 | Orc:2    | Gained mutation: You passively map a small area around you.
                  | [Jiyva's grace]
 17288 | Orc:2    | Found a roughly hewn altar of Beogh.
 17288 | Orc:2    | Found Kotawkeh's Antique Weapon Shoppe.
 17295 | Orc:2    | Found Jariorokoo's Antique Weapon Shoppe.
 17433 | Orc:1    | Bought a scroll of acquirement for 832 gold pieces
 17439 | Orc:1    | Bought a lamp of fire for 440 gold pieces
 17497 | Orc:2    | Bought 2 potions of haste for 240 gold pieces
 17497 | Orc:2    | Bought 2 potions of curing for 72 gold pieces
 17497 | Orc:2    | Bought a potion of curing for 36 gold pieces
 17497 | Orc:2    | Bought a potion of curing for 36 gold pieces
 17497 | Orc:2    | Bought a potion of mutation for 96 gold pieces
 17497 | Orc:2    | Bought a potion of might for 48 gold pieces
 17497 | Orc:2    | Bought a potion of might for 48 gold pieces
 17838 | D:13     | Gained mutation: You have a small jelly attached to you
                  | that may absorb incoming projectiles. [Jiyva's grace]
 17912 | D:13     | Found a hazy altar of Hepliaklqana.
 18006 | D:13     | Gained mutation: Potions are less effective at restoring
                  | your health. [Jiyva's grace]
 18325 | D:13     | Noticed a frost giant
 18329 | D:13     | Killed a frost giant
 18370 | D:13     | Found Ras Ufoy's Distillery.
 18375 | D:13     | Bought a potion of heal wounds for 65 gold pieces
 18468 | D:13     | Lost mutation: Potions are less effective at restoring your
                  | health. [Jiyva's power]
 18545 | D:14     | Gained mutation: Your translucent skin slightly reduces
                  | your foes' accuracy. (Stealth) [Jiyva's grace]
 18661 | D:14     | Got a dazzling flail
 18662 | D:14     | Identified the +6 flail of Paitughy {crush, +Blink rF- MP+9
                  | SInv} (You found it on level 14 of the Dungeon)
 18754 | D:14     | Found a gate to the Vaults.
 18788 | D:14     | Got a brightly glowing robe
 18808 | D:14     | Identified the +2 robe of the Orcish Mines {rF- MR+ Dex+2
                  | SInv} (You acquired it on level 14 of the Dungeon)
 18852 | D:14     | Found Eheti's General Store.
 18863 | D:14     | Bought a potion of heal wounds for 55 gold pieces
 18968 | D:14     | Noticed Kirke
 18987 | D:14     | Killed Kirke
 19084 | D:14     | Gained mutation: You have a pair of small horns on your
                  | head. [Jiyva's grace]
 19144 | D:15     | Entered Level 15 of the Dungeon
 19529 | D:15     | Gained mutation: You are covered in thick fur. (AC +2)
                  | [Jiyva's grace]
 19638 | D:15     | Found a staircase to the Depths.
 20103 | Slime:1  | Entered Level 1 of the Pits of Slime
 20103 | Slime:1  | Noticed an azure jelly
 20113 | Slime:2  | Noticed an acid blob
 20113 | Slime:2  | Noticed an acid blob
 20188 | Slime:4  | Noticed an acid blob
 20234 | Slime:5  | Entered Level 5 of the Pits of Slime
 20238 | Slime:5  | Gained mutation: You are partially covered in slimy green
                  | scales. (AC +2) [Jiyva's grace]
 20242 | Slime:5  | Gained mutation: Your body has grown golden eyes which may
                  | confuse attackers. (Acc +3) [Jiyva's grace]
 20245 | Slime:5  | Lost mutation: Your translucent skin slightly reduces your
                  | foes' accuracy. (Stealth) [Jiyva's grace]
 20251 | Slime:5  | Lost mutation: You have acidic saliva. [Jiyva's grace]
 20267 | Slime:5  | Noticed an azure jelly
 20269 | Slime:5  | Found a viscous altar of Jiyva.
 20270 | Slime:5  | Noticed an acid blob
 20270 | Slime:5  | Noticed an azure jelly
 20270 | Slime:5  | Noticed an acid blob
 20270 | Slime:5  | Noticed an acid blob
 20271 | Slime:5  | Noticed the Royal Jelly
 20272 | Slime:5  | Found the +8 demon blade "Bloodbane" {slice, *Rage +Rage
                  | Stlth-}
 20275 | Slime:5  | Got a transparent lead ring
 20277 | Slime:5  | Got a slimy rune of Zot
 20287 | Slime:5  | Identified the Handbook of the Glacier and the Traveller
 20298 | Slime:5  | Identified the ring of Nouvodae {Fire Str+7 Int+3 Dex-2
                  | Slay-5} (You found it on level 5 of the Pits of Slime)
 20358 | Slime:2  | Noticed an azure jelly
 20366 | Slime:1  | Noticed an acid blob
 20441 | Spider:1 | Entered Level 1 of the Spider Nest
 20650 | Spider:1 | Reached skill level 4 in Evocations
 20663 | Spider:1 | Gained mutation: You have a pair of horns on your head.
                  | [Jiyva's grace]
 20666 | Spider:1 | Reached skill level 4 in Stealth
 20746 | Spider:1 | Reached skill level 15 in Unarmed Combat
 20785 | Spider:1 | Lost mutation: You are covered in thick fur. (AC +2)
                  | [Jiyva's grace]
 21014 | Spider:1 | Reached skill level 1 in Throwing
 21200 | Spider:2 | Reached XP level 16. HP: 181/181 MP: 18/18
 21429 | Spider:2 | Noticed Jorgrun
 21448 | Spider:2 | Reached skill level 2 in Throwing
 21458 | Spider:2 | Killed Jorgrun
 21588 | Spider:2 | Lost mutation: You passively map a small area around you.
                  | [Jiyva's grace]
 22042 | Spider:3 | Noticed Nikola
 22044 | Spider:3 | Noticed Donald
 22059 | Spider:3 | Killed Donald
 22059 | Spider:3 | Reached skill level 12 in Fighting
 22059 | Spider:3 | Reached skill level 3 in Throwing
 22059 | Spider:3 | Killed Nikola
 22375 | Spider:3 | Noticed Arachne
 22401 | Spider:3 | Killed Arachne
 22825 | D:15     | Gained mutation: You are partially covered in large bone
                  | plates. (SH +4) [Jiyva's grace]
 22887 | Spider:3 | Noticed Mara
 22901 | Spider:3 | Noticed silenth's illusion
 22910 | Spider:3 | Killed Mara
 22910 | Spider:3 | Reached skill level 4 in Throwing
 22910 | Spider:3 | Reached skill level 16 in Unarmed Combat
 23379 | Spider:4 | Entered Level 4 of the Spider Nest
 23728 | Spider:4 | Reached skill level 5 in Throwing
 23753 | Spider:4 | Gained mutation: Your system is resistant to poisons.
                  | (rPois) [Jiyva's grace]
 23967 | Spider:4 | Lost mutation: Your system is resistant to poisons. (rPois)
                  | [Jiyva's grace]
 24174 | Spider:4 | Reached XP level 17. HP: 183/192 MP: 19/19
 24190 | Spider:4 | Reached skill level 17 in Unarmed Combat
 24284 | Spider:4 | Lost mutation: You are robust. (+10% HP) [Jiyva's grace]
 24550 | Spider:4 | Lost mutation: Your flesh is cold resistant. (rC+) [Jiyva's
                  | grace]
 24908 | Spider:4 | Got a gossamer rune of Zot
 25070 | Shoals:1 | Entered Level 1 of the Shoals
 25138 | Shoals:1 | Noticed Louise
 25161 | Shoals:1 | Killed Louise
 25220 | Shoals:1 | Noticed Frances
 25230 | Shoals:1 | Killed Frances
 25337 | Shoals:1 | Reached skill level 13 in Fighting
 25880 | Shoals:2 | Found Fosyk's Antique Weapon Shop.
 26365 | Shoals:2 | Gained mutation: You are mostly covered in slimy green
                  | scales. (AC +3) [Jiyva's grace]
 26394 | Shoals:2 | Lost mutation: You are mostly covered in slimy green
                  | scales. (AC +3) [Jiyva's grace]
 26514 | Shoals:2 | Gained mutation: Your mind is acute. (Int +2) [Jiyva's
                  | grace]
 26603 | Shoals:3 | Found Olif's Antique Armour Boutique.
 26656 | Shoals:3 | Noticed Polyphemus
 26751 | Shoals:3 | Killed Polyphemus
 26844 | Shoals:3 | Noticed Ilsuiw
 26878 | Shoals:3 | Reached skill level 5 in Evocations
 26881 | Shoals:3 | HP: 9/178 [merfolk javelineer/silver javelin (25)]
 26881 | Shoals:3 | Hit by a silver javelin thrown by a merfolk javelineer

Levels and vault maps discovered:
D:1:      lemuel_arrival_hallway, layout_basic, serial_forest,
          infiniplex_forest_straight_4, infiniplex_forest_lined_room_3,
          infiniplex_forest_side_room, infiniplex_forest_clump_cross,
          infiniplex_forest_diagonal, infiniplex_forest_clump_tiny,
          infiniplex_forest_corner_1, infiniplex_forest_clump_small,
          infiniplex_forest_lined_3, infiniplex_forest_zigzag_2
D:2:      layout_rooms, lemuel_blue_sif_altar, uniq_terence
D:3:      layout_basic, lemuel_coloured_pillars_altar,
          chequers_temple_overflow_statue_of_worship, kennysheep_orc_chapel
D:4:      layout_cave_pools, first_ration
D:5:      layout_rooms, minmay_overflow_temple_hex,
          chequers_serial_rivers_small_b, uniq_duvessa, uniq_ijyb
D:6:      layout_rooms, uniq_menkaure
D:7:      layout_basic, minmay_temple_entry_statues_fountains, serial_shops,
          shop_statue, the_bakery, uniq_pikel
D:8:      layout_rooms, gammafunk_ghost_cemetery, minivault_23
D:9:      layout_gridville, grunt_lair_entry_orc_guard_hut, enter_bailey_2,
          minivault_28, uniq_harold
D:10:     layout_rooms, serial_shops, shop, serial_curves, eino_curves_03,
          eino_curves_04, trog_wizard, uniq_josephine
D:11:     layout_basic, erik_orc_2
D:12:     layout_basic, okawaru_humans
D:13:     layout_stronghold, serial_shops, nicolae_shop_trees, basic_altar,
          kennysheep_just_a_vault
D:14:     lemuel_slime, layout_basic, david_vaults_4, serial_shops, shop,
          uniq_kirke
D:15:     hangedman_depths_entry_civil_slaughter, layout_small_grid,
          minmay_misc_feat_alley, kb_tengu_band
Temple:   minmay_temple_bridge_abc
Lair:1:   layout_gridlike
Lair:2:   statuecave_lemuel, layout_gridlike, chequers_serial_rivers_small_3,
          beast_lair_carwin_5, infiniplex_staircase_pool
Lair:3:   layout_cave_pods, minmay_shoals_entry_centaurs, st_stairs_10,
          uniq_sonja, uniq_snorg
Lair:4:   layout_loops_ring, spider_nest_entry_webs, zaba_anthell
Lair:5:   layout_layer_cave, lemuel_fruit_tree
Lair:6:   guppyfry_lair_end_dragon, layout_cave_pods, wormcave,
          dpeg_slime_entry_enclosed_altar, grunt_forest_large_clearings
Shoals:1: layout_shoals, uniq_frances, uniq_louise
Shoals:2: layout_shoals, serial_shops, shop, yaktaur_hedge
Shoals:3: layout_shoals, serial_shops, shop, nicolae_shoals_circle_sea_wall,
          uniq_ilsuiw, uniq_polyphemus, uniq_aizul
Spider:1: layout_spider_delve, hangedman_spider_mandibles
Spider:2: layout_spider_delve, nicolae_spider_cling_halls, uniq_jorgrun
Spider:3: layout_chambers, uniq_arachne, uniq_nikola, uniq_mara, uniq_donald
Spider:4: guppyfry_spider_rune
Slime:1:  layout_caves
Slime:2:  layout_caves
Slime:3:  layout_caves
Slime:4:  layout_caves
Slime:5
Orc:1:    layout_caves, serial_shops, shop, shop_statue, shop, shop_statue,
          nicolae_shop_trees
Orc:2:    kennysheep_orc_mage_school, layout_diamond_mine

Skill      XL: |  1  2  3  4  5  6  7  8  9 10 11 12 13 14 15 16 17 |
---------------+----------------------------------------------------+-----
Unarmed Combat | 3 4 5 6 8 9 10 11 12 13 14 15 16 17 | 17.8
Fighting       | 3 4 5 6 7 8 9 10 11 12 13 | 13.2
Transmutations | 1 3 4 |  4.0
Dodging        | 3 4 5 6 7 8 9 10 | 10.8
Shields        | 3 4 5 6 7 8 9 10 | 10.7
Spellcasting   | 1 |  1.3
Evocations     | 1 3 4 5 |  5.0
Armour         | 3 4 6 |  6.9
Hexes          | 1 |  1.1
Stealth        | 2 3 4 |  4.0
Throwing       | 1 5 |  5.0

Action                   |  1- 3 |  4- 6 |  7- 9 | 10-12 | 13-15 | 16-18 || total
-------------------------+-------+-------+-------+-------+-------+-------++-------
Melee: Unarmed           |    98 |   165 |   224 |   593 |  1399 |   871 ||  3350
       Bite              |       |       |       |       |    52 |       ||    52
       Headbutt          |       |       |       |       |    77 |   320 ||   397
       Kick              |       |       |       |       |       |     1 ||     1
Throw: Boomerang         |       |       |       |     8 |       |     5 ||    13
       Large rock        |       |       |       |       |     3 |       ||     3
       Dart              |       |       |       |       |     2 |     6 ||     8
 Cast: Beastly Appendage |       |       |       |     1 |     1 |     1 ||     3
Invok: Greater Healing   |       |       |       |       |     1 |       ||     1
       Cure Bad Mutation |       |       |       |       |     1 |       ||     1
Evoke: Wand              |       |       |     3 |    22 |    16 |    12 ||    53
       Lamp of fire      |       |       |       |       |     1 |     2 ||     3
  Use: Scroll            |       |     1 |    10 |     4 |    20 |    11 ||    46
       Potion            |       |       |       |     1 |     4 |     9 ||    14
 Stab: Sleeping          |     1 |     1 |       |       |    16 |    10 ||    28
       Distracted        |       |       |       |       |     5 |     4 ||     9
       Paralysed         |       |       |       |       |     1 |       ||     1
       Confused          |       |       |       |       |     3 |    24 ||    27
  Eat: Chunk             |    18 |    14 |    26 |    37 |    64 |    24 ||   183
       Ration            |       |       |       |     1 |     1 |     2 ||     4
Armor: Robe              |    27 |    56 |    45 |    10 |       |       ||   138
       Troll leather arm |       |       |       |   166 |   236 |   190 ||   592
Dodge: Dodged            |    22 |    35 |    37 |   223 |   490 |   467 ||  1274
Block: Shield            |    48 |    64 |    26 |       |       |       ||   138
       Large shield      |       |       |    94 |   641 |  1443 |  1087 ||  3265

Table legend:
 A = Non-vault XP
 B = Vault XP
 C = Vault XP percentage of total XP
 D = Non-vault monster count
 E = Vault monster count
 F = Vault count percentage of total count
                 A         B        C        D         E       F
            +---------+---------+-------+---------+---------+-------
      Total |  165755 |  112936 |  40.5 |     737 |     319 |  30.2
            +---------+---------+-------+---------+---------+-------
        D:1 |      33 |       0 |   0.0 |      17 |       0 |   0.0
        D:2 |      57 |      32 |  36.0 |      21 |       1 |   4.5
        D:3 |      39 |      84 |  68.3 |      18 |       3 |  14.3
        D:4 |     340 |       0 |   0.0 |       9 |       0 |   0.0
        D:5 |     299 |     245 |  45.0 |       9 |       3 |  25.0
        D:6 |     676 |     183 |  21.3 |      21 |       1 |   4.5
        D:7 |     782 |     822 |  51.2 |      11 |       2 |  15.4
        D:8 |    1022 |       0 |   0.0 |      17 |       0 |   0.0
        D:9 |    4423 |    6598 |  59.9 |      43 |      17 |  28.3
       D:10 |    1296 |    2154 |  62.4 |      16 |       6 |  27.3
       D:11 |    3128 |     761 |  19.6 |      45 |      21 |  31.8
       D:12 |    2645 |     400 |  13.1 |      17 |       2 |  10.5
       D:13 |    4283 |    1728 |  28.7 |      27 |       1 |   3.6
       D:14 |    1690 |    4031 |  70.5 |       9 |       5 |  35.7
       D:15 |   10164 |    6024 |  37.2 |      31 |       8 |  20.5
     Lair:1 |    5743 |       0 |   0.0 |      26 |       0 |   0.0
     Lair:2 |    8813 |    1472 |  14.3 |      27 |       6 |  18.2
     Lair:3 |    4699 |    3035 |  39.2 |      20 |       7 |  25.9
     Lair:4 |    4185 |    8018 |  65.7 |      13 |      48 |  78.7
     Lair:5 |    6458 |       0 |   0.0 |      27 |       0 |   0.0
     Lair:6 |    9006 |   14730 |  62.1 |      32 |      68 |  68.0
   Shoals:1 |    7345 |    3924 |  34.8 |      17 |       2 |  10.5
   Shoals:2 |   18275 |    2094 |  10.3 |      40 |       3 |   7.0
   Shoals:3 |    3003 |    6078 |  66.9 |       7 |       5 |  41.7
   Spider:1 |   12003 |       0 |   0.0 |      34 |       0 |   0.0
   Spider:2 |    9938 |    2826 |  22.1 |      26 |       1 |   3.7
   Spider:3 |   13981 |   15524 |  52.6 |      24 |       4 |  14.3
   Spider:4 |   20202 |   23303 |  53.6 |      63 |      41 |  39.4
      Orc:1 |    3384 |       0 |   0.0 |      30 |       0 |   0.0
      Orc:2 |    7843 |    6467 |  45.2 |      40 |      21 |  34.4
     Bailey |       0 |    2403 | 100.0 |       0 |      43 | 100.0
            +---------+---------+-------+---------+---------+-------
